Map: Deathaura LE

Players

Prince

  • Race: Protoss Protoss
  • Spawn Location: 5:00

DPGCure (Cure) - Winner!

  • Race: Terran Terran
  • League: Master
  • Spawn Location: 11:00

VOD

Have the link to the VOD?

Description

Time

  • Played on: Feb. 14, 2021, 9:55 a.m.
  • Length: 12:23
Show
View Real Time Build Order
Export as new Build Order

Prince Protoss 

Build Orders: 1 Gate Expand 

Get SALT Encoding   

  12  0:00  Probe  
  13  0:12  Probe  
  14  0:17  Pylon  
  14  0:24  Probe (Chrono Boost)  
  15  0:35  Gateway  
  15  0:36  Probe (Chrono Boost)  
  16  0:44  Probe (Chrono Boost)  
  16  0:45  Assimilator  
  17  0:51  Probe  
  18  1:03  Probe  
  19  1:15  Probe  
  20  1:22  Nexus  
  20  1:31  Cybernetics Core  
  20  1:34  Probe  
  20  1:39  Assimilator  
  21  1:46  Probe  
  22  1:49  Pylon  
  22  1:58  Probe  
  23  2:05  Adept (Chrono Boost)  
  25  2:10  Warp Gate  
  25  2:11  Probe  
  26  2:19  Twilight Council  
  26  2:23  Probe (Chrono Boost)  
  26  2:27  Stalker  
  29  2:35  Probe (Chrono Boost)  
  29  2:36  Probe (Chrono Boost)  
  31  2:43  Probe x2 (Chrono Boost)  
  33  2:48  Robotics Facility  
  33  2:50  Probe  
  34  2:52  Probe  
  35  3:09  Gateway  
  35  3:12  Gateway, Charge (Chrono Boost)  
  35  3:15  Gateway  
  35  3:22  Shield Battery  
  35  3:26  Probe  
  35  3:27  Probe  
  37  3:42  Warp Prism (Chrono Boost)  
  37  3:53  Probe x2  
  37  3:55  Pylon  
  39  4:05  Zealot x2  
  39  4:07  Zealot  
  39  4:08  Pylon  
  45  4:14  Zealot  
  45  4:16  Probe  
  45  4:17  Probe  
  49  4:24  Assimilator  
  49  4:26  Assimilator  
  49  4:29  Probe  
  49  4:30  Probe  
  51  4:32  Pylon  
  51  4:40  Zealot x4  
  59  4:57  Probe  
  53  5:06  Warp Prism (Chrono Boost), Stalker x4  
  53  5:07  Blink (Chrono Boost)  
  49  5:13  Nexus  
  50  5:17  Pylon  
  50  5:18  Probe  
  51  5:23  Probe  
  52  5:34  Stalker x3  
  52  5:35  Stalker  
  60  5:38  Probe  
  61  5:43  Probe  
  62  5:52  Forge  
  62  6:01  Stalker x4  
  70  6:04  Probe x2  
  72  6:19  Probe x2  
  74  6:29  Stalker x3  
  74  6:30  Stalker  
  82  6:36  Protoss Ground Weapons Level 1 (Chrono Boost)  
  82  6:37  Probe x3  
  82  6:38  Observer  
  86  6:48  Robotics Bay  
  86  7:06  Stalker  
  86  7:07  Stalker x2  
  92  7:13  Probe  
  93  7:15  Pylon  
  93  7:16  Probe  
  92  7:26  Probe x2  
  92  7:28  Robotics Bay  
  92  7:29  Probe  
  87  7:33  Colossus (Chrono Boost)  
  89  7:38  Probe x2, Extended Thermal Lance  
  89  7:41  Probe  
  89  7:42  Gateway  
  92  7:45  Gateway x2  
  92  7:46  Gateway  
  92  7:47  Zealot x3  
  92  7:48  Zealot  
  92  7:51  Observer  
  100  8:04  Probe  
  101  8:08  Pylon  
  101  8:09  Nexus  
  101  8:12  Observer  
  101  8:17  Pylon  
  101  8:23  Gateway, Colossus (Chrono Boost)  
  101  8:26  Gateway, Probe x2  
  109  8:32  Pylon  
  109  8:36  Sentry x3  
  109  8:40  Pylon  
  105  8:49  Protoss Ground Armor Level 1 (Chrono Boost)  
  105  8:50  Observer  
  105  8:51  Stalker  
  105  8:57  Stalker x3  
  105  9:00  Shield Battery  
  105  9:02  Photon Cannon  
  111  9:06  Colossus  
  111  9:07  Photon Cannon  
  117  9:14  Zealot x4  
  124  9:24  Zealot x5  
  124  9:25  Zealot  
  115  9:44  Zealot x2, Sentry  
  115  9:45  Zealot x7  
  135  9:51  Observer  
  135  9:53  Observer  
  135  9:54  Pylon  
  135  9:55  Pylon  
  135  10:06  Shield Battery  
  135  10:09  Pylon  
  135  10:11  Dark Shrine  
  135  10:13  Pylon  
  135  10:14  Forge  
  135  10:16  Sentry x2  
  135  10:18  Stalker x4  
  147  10:22  Pylon  
  147  10:23  Observer  
  147  10:24  Pylon  
  147  10:29  Probe x3 (Chrono Boost)  
  147  10:34  Probe (Chrono Boost)  
  151  10:36  Colossus  
  151  10:39  Pylon, Probe (Chrono Boost)  
  151  10:41  Probe x2 (Chrono Boost)  
  161  10:43  Probe x2 (Chrono Boost)  
  162  10:56  Zealot x8  
  162  10:57  Zealot  
  180  10:59  Pylon  
  173  11:10  Probe x4  
  137  11:22  Zealot x7  
  137  11:23  Zealot  
  102  11:52  Probe x2  
  104  11:56  Nexus  
  104  12:03  Pylon  
  104  12:04  Dark Templar x3  
  109  12:10  Photon Cannon  
Show
View Real Time Build Order
Export as new Build Order

DPGCure Terran - Winner!

Build Orders:  

Get SALT Encoding   

  12  0:00  SCV  
  13  0:12  SCV  
  14  0:17  Supply Depot  
  14  0:24  SCV  
  15  0:38  SCV  
  15  0:39  Barracks  
  16  0:43  Refinery  
  16  0:50  SCV  
  17  1:02  SCV  
  18  1:14  SCV  
  19  1:26  Orbital Command, Marine  
  20  1:41  Command Center  
  20  1:46  Barracks Reactor  
  20  1:53  SCV  
  21  1:59  Supply Depot  
  21  2:05  SCV  
  22  2:17  SCV  
  22  2:22  Marine x2  
  25  2:29  SCV  
  26  2:32  Command Center  
  26  2:40  Marine x2  
  26  2:41  SCV  
  29  2:48  Barracks  
  29  2:55  Orbital Command  
  29  2:57  SCV  
  30  3:02  Marine x2  
  32  3:09  SCV  
  32  3:11  Engineering Bay  
  33  3:20  Marine x2  
  33  3:22  SCV x2  
  37  3:34  SCV x2  
  39  3:35  Barracks Tech Lab  
  39  3:39  Marine x2  
  39  3:45  Terran Infantry Weapons Level 1  
  39  3:46  SCV, Orbital Command  
  39  3:54  SCV  
  39  3:55  Bunker, Marine  
  39  3:57  Marine x2  
  39  3:58  SCV  
  39  4:00  Factory  
  42  4:05  Missile Turret  
  42  4:06  SCV  
  43  4:10  SCV  
  43  4:12  SCV  
  43  4:15  Missile Turret  
  45  4:18  SCV, Marauder  
  45  4:19  Marine  
  45  4:20  Marine  
  45  4:22  SCV  
  51  4:25  SCV, Supply Depot  
  51  4:30  SCV  
  53  4:34  SCV, Refinery  
  53  4:36  Refinery  
  53  4:37  Marine  
  55  4:38  Refinery  
  55  4:39  Marine, Marauder  
  58  4:46  Engineering Bay  
  58  4:49  Hellion  
  59  4:54  Bunker  
  59  4:55  Marine  
  59  4:57  Marine  
  59  4:58  SCV x2  
  59  4:59  SCV  
  58  5:01  Marine  
  53  5:10  SCV x2  
  53  5:11  SCV, Hellion  
  58  5:15  Marine x2  
  58  5:19  Armory  
  58  5:20  Barracks Tech Lab  
  60  5:22  SCV  
  60  5:23  SCV x2  
  60  5:28  Supply Depot  
  63  5:29  Supply Depot  
  63  5:31  Starport  
  63  5:35  SCV x3  
  66  5:38  Factory Reactor  
  66  5:41  Barracks  
  66  5:45  Stimpack  
  66  5:47  SCV x3  
  69  5:53  Marine x3  
  72  5:59  SCV x3  
  75  6:04  Terran Infantry Armor Level 1  
  75  6:07  Barracks  
  75  6:10  Barracks  
  75  6:11  SCV x3  
  77  6:13  Supply Depot x2  
  77  6:18  Medivac  
  80  6:21  Supply Depot  
  80  6:22  Orbital Command  
  80  6:23  SCV  
  80  6:24  Medivac  
  83  6:27  SCV  
  83  6:31  Marine  
  85  6:33  Barracks Tech Lab  
  85  6:34  Factory Reactor, Marine  
  85  6:35  Marauder  
  85  6:38  SCV  
  85  6:39  SCV  
  90  6:47  Missile Turret  
  90  6:48  Marine  
  90  6:52  Marine, Marauder  
  90  6:53  Combat Shield  
  95  6:54  SCV x2  
  95  6:56  Marauder  
  94  7:07  Barracks Tech Lab, Barracks Reactor  
  89  7:11  SCV  
  89  7:12  SCV  
  89  7:13  Marauder  
  90  7:17  Marauder  
  90  7:22  Orbital Command  
  87  7:25  Marine x2, Marauder  
  64  7:30  Medivac  
  82  7:31  SCV x2  
  82  7:35  Marauder  
  87  7:43  SCV x2  
  89  7:44  Marine x4  
  89  7:45  Medivac  
  89  7:47  SCV, Hellion x2  
  100  7:51  Supply Depot  
  100  7:55  SCV x2  
  100  7:56  Supply Depot  
  100  7:59  SCV  
  100  8:02  Medivac  
  103  8:06  Supply Depot  
  103  8:07  SCV x2, Supply Depot, Marauder  
  103  8:09  Marauder  
  109  8:13  Marine, Hellion x2, Marauder  
  109  8:14  Marine  
  109  8:18  Marine x2  
  109  8:19  Medivac  
  121  8:22  SCV  
  121  8:23  SCV x2  
  124  8:29  Supply Depot  
  124  8:30  Supply Depot  
  124  8:33  Marauder x2  
  128  8:36  Hellion x2  
  128  8:37  Marine x2  
  132  8:42  SCV x3  
  131  8:50  Marauder, Medivac  
  131  8:51  Medivac  
  131  8:52  Marine  
  131  8:54  Marauder x2  
  141  8:59  SCV x3, Terran Infantry Weapons Level 2  
  144  9:05  Marine x2  
  144  9:06  Supply Depot, Marine  
  144  9:07  Supply Depot  
  144  9:08  Widow Mine  
  149  9:10  Widow Mine  
  149  9:15  Concussive Shells  
  149  9:16  Marine x3  
  156  9:17  Marauder  
  154  9:37  Marine x4, Marauder x2  
  154  9:38  Marauder  
  152  9:40  SCV x3  
  152  9:42  Refinery, Medivac x2  
  152  9:43  Refinery  
  163  9:45  Widow Mine x2  
  163  9:52  SCV x3  
  166  9:55  Supply Depot  
  166  9:57  Supply Depot  
  166  9:58  Marine x2, Marauder x2  
  172  10:02  Marine  
  172  10:04  Engineering Bay  
  173  10:09  Missile Turret  
  173  10:16  SCV x3, Marine x2  
  173  10:18  Supply Depot  
  173  10:20  Supply Depot  
  178  10:29  Marine x3, Marauder x2  
  178  10:34  Marine, Marauder  
  188  10:45  Command Center  
  188  10:50  Starport  
  188  10:52  Ghost Academy  
  188  10:56  Viking  
  188  10:57  Viking  
  187  11:13  Marine x3  
  184  11:21  Ghost x2  
  184  11:25  Marine x2  
  188  11:29  Viking x2  
  188  11:30  Viking x2  
  193  11:36  SCV x3  
  189  11:41  Marine x2  
  189  11:43  Ghost  
  169  11:49  Ghost x2  
  169  11:51  SCV x3  
  174  12:10  Barracks x2  
  174  12:11  Barracks  
  174  12:16  Refinery  
  174  12:18  Refinery  
Tags
 
League
Master
Matchup
PvT
Spawn Locations
Cross Positions
Add a new tag
Caveats
  • Supply blocks, unpowered buildings, or Contaminate may cause inaccurate times.
  • Supply counts are checked every 10 seconds.